 Dungeon Crawl Stone Soup version 0.18.1-48-g4cf74bf (webtiles) character file.

64 mindo the Magician (level 3, -1/19 HPs)
             Began as a Deep Elf Wizard on June 25, 2016.
             Killed from afar by an orc wizard (5 damage)
             ... with a magic dart
             ... on level 4 of the Dungeon.
             The game lasted 00:18:05 (2870 turns).

mindo the Magician (Deep Elf Wizard)                Turns: 2870, Time: 00:18:06

Health: -1/19      AC:  2    Str:  4    XL:     3   Next: 91%
Magic:  4/12       EV: 12    Int: 23    God:
Gold:   52         SH:  0    Dex: 13    Spells: 4 memorised, 5 levels left

rFire  . . .     SeeInvis .     l - +0 dagger
rCold  . . .     Gourm    .     a - +0 robe
rNeg   . . .     Faith    .     (no shield)
rPois  .         Spirit   .     b - +0 hat
rElec  .         Dismiss  .     (no cloak)
rCorr  .         Reflect  .     (no gloves)
SustAt .         Harm     .     (no boots)
MR     .....                    (no amulet)
Stlth  ++........               (no ring)
                                (no ring)

@: very slightly contaminated, not resistant to hostile enchantments, unstealthy
A: no striking features
a: no special abilities


You were on level 4 of the Dungeon.
You were not hungry.

You visited 1 branch of the dungeon, and saw 4 of its levels.

You collected 52 gold pieces.

Inventory:

Hand Weapons
 l - a +0 dagger (weapon)
Armour
 a - a +0 robe (worn)
 b - a +0 hat (worn)
Jewellery
 o - an uncursed amulet of faith {unknown}
Scrolls
 e - a scroll of blinking {unknown}
 g - 5 scrolls of identify {unknown}
 i - 3 scrolls of remove curse {unknown}
 j - a scroll of fear {unknown}
 k - a scroll of recharging {unknown}
 n - a scroll of magic mapping {unknown}
 s - a scroll of enchant weapon {unknown}
Potions
 f - 3 potions of curing {unknown}
 h - 2 potions of haste {unknown}
 m - a potion of cancellation {unknown}
 p - a potion of agility {unknown}
 r - a potion of might {unknown}
Books
 c - a book of Minor Magic

   Spells                             Type                      Level
   a - Magic Dart                     Conjuration                  1
   b - Blink                          Translocation                2
   c - Call Imp                       Summoning                    2
   d - Repel Missiles                 Charms/Air                   2
   e - Slow                           Hexes                        2
   f - Conjure Flame                  Conjuration/Fire             3
   g - Mephitic Cloud                 Conjuration/Poison/Air       3
Comestibles
 d - 2 bread rations
 q - 3 fruits


   Skills:
 - Level 2.4 Dodging
 - Level 2.4 Stealth
 * Level 5.7 Spellcasting
 + Level 2.4 Conjurations
 - Level 1.1 Summonings
 - Level 1.9 Translocations


You had 5 spell levels left.
You knew the following spells:

 Your Spells              Type           Power        Failure   Level  Hunger
a - Magic Dart            Conj           ###.         3%          1    None
b - Blink                 Tloc           N/A          10%         2    None
c - Call Imp              Summ           ##......     10%         2    None
d - Conjure Flame         Conj/Fire      ##......     17%         3    #......


Dungeon Overview and Level Annotations

Branches:
Dungeon (4/15)
 Temple: D:4-7

Altars:
Elyvilon


Message History

Found a stone staircase leading down.
The orc priest miscasts a cantrip.
Casting: Magic Dart
Confirm with . or Enter, or press ? or * to list all spells.
Aiming: Conjure Flame
Press: ? - help, Dir - move target cursor You miscast Conjure Flame.
You are very lightly contaminated with residual magic.
You have a brief vision of globes of primordial fire.
There is a stone staircase leading down here.
The orc wizard completely misses you.
You climb downwards.
Found a beef jerky and a wooden wand.
There is a stone staircase leading up here.
Casting: Conjure Flame
Confirm with . or Enter, or press ? or * to list all spells.
A beastly little devil appears in a puff of flame.
The orc wizard casts a spell at you. The magic dart hits you!
You die...

+/ .......
###.%.....
#.........
#.........
######.........
...............
.........5.....
.......@o......
...............
...............
...............
...............
...............
...............
...............


You could see an orc wizard and a friendly crimson imp.

Vanquished Creatures
  An adder (D:3)
  A worm (D:2)
  A dart slug (D:1)
  A giant gecko (D:2)
  3 bats
  6 goblins
  8 hobgoblins
  4 jackals (D:1)
  3 giant newts
  4 kobolds
  4 rats
36 creatures vanquished.

Vanquished Creatures (collateral kills)
  3 worms (D:2)
  An orc (D:3)
  2 goblins
  2 hobgoblins (D:2)
  4 jackals (D:2)
  2 kobolds (D:2)
14 creatures vanquished.

Grand Total: 50 creatures vanquished

Notes
Turn   | Place    | Note
--------------------------------------------------------------
     0 | D:1      | mindo the Deep Elf Wizard began the quest for the Orb.
     0 | D:1      | Reached XP level 1. HP: 10/10 MP: 7/7
   242 | D:1      | Reached XP level 2. HP: 4/15 MP: 3/9
   541 | D:1      | Reached skill level 5 in Spellcasting
   790 | D:1      | Learned a level 2 spell: Blink
  1382 | D:1      | Learned a level 2 spell: Call Imp
  1557 | D:2      | Reached XP level 3. HP: 19/19 MP: 6/11
  1792 | D:2      | Found a white marble altar of Elyvilon.
  2053 | D:2      | Learned a level 3 spell: Conjure Flame
  2155 | D:2      | Found a faded altar to an unknown god.
  2870 | D:4      | Killed from afar by an orc wizard

Skill      XL: |  1  2 |
---------------+-------+-----
Spellcasting   | 5 |  5.7
Conjurations   | 2 |  2.4
Dodging        | |  2.4
Stealth        | |  2.4
Summonings     | |  1.1
Translocations | |  1.9

Action                   || total
-------------------------++-------
Melee: Dagger            ||    23
 Cast: Magic Dart        ||    93
       Blink             ||    11
       Call Imp          ||    23
       Conjure Flame     ||     4
  Eat: Meat ration       ||     1
       Fruit             ||     1
Armor: Robe              ||    12
Dodge: Dodged            ||    67
